Map: 2000 атмосфер РВ

Players

Doll

  • Race: Terran Terran

ИИ 1 (эксперт) - Winner!

  • Race: Protoss Protoss

VOD

Have the link to the VOD?

Description

Time

  • Played on: July 21, 2021, 5:50 a.m.
  • Length: 8:06
Show
View Real Time Build Order
Export as new Build Order

Doll Terran 

Build Orders:  

Get SALT Encoding   

  12  0:00  SCV  
  13  0:12  SCV  
  14  0:21  Supply Depot  
  14  0:25  SCV  
  15  0:44  SCV  
  15  0:45  Barracks  
  15  0:47  Refinery  
  16  0:59  Barracks  
  16  1:01  SCV  
  17  1:13  SCV  
  18  1:20  Supply Depot  
  18  1:26  SCV  
  19  1:32  Marine  
  19  1:38  Orbital Command  
  20  1:45  Marine  
  21  1:51  Barracks Tech Lab  
  21  1:57  Refinery  
  21  2:04  SCV, Marine  
  23  2:11  Barracks, Marine  
  24  2:17  Stimpack  
  24  2:21  SCV  
  25  2:25  Barracks Tech Lab  
  25  2:30  Marauder  
  25  2:33  SCV  
  28  2:42  Supply Depot  
  28  2:44  Combat Shield  
  28  2:48  SCV  
  28  2:51  Marine  
  29  2:54  Marine  
  31  2:58  Barracks Tech Lab  
  31  3:03  SCV  
  32  3:11  Engineering Bay  
  32  3:13  Marauder  
  32  3:15  Marine  
  32  3:19  Marine  
  36  3:27  Supply Depot  
  36  3:28  SCV  
  37  3:37  Terran Infantry Weapons Level 1  
  37  3:39  Marauder  
  39  3:41  Concussive Shells  
  39  3:49  Marauder  
  39  3:51  Marauder  
  39  3:54  SCV  
  44  4:01  Supply Depot  
  44  4:04  Marauder  
  44  4:07  SCV  
  47  4:20  Engineering Bay  
  47  4:24  Marauder  
  49  4:25  Marauder  
  49  4:26  Marauder  
  49  4:28  SCV  
  54  4:35  Supply Depot  
  54  4:41  SCV  
  55  4:50  Terran Infantry Armor Level 1  
  55  5:04  Command Center  
  55  5:05  SCV  
  56  5:14  Factory  
  56  5:21  SCV  
  56  5:24  Factory  
  57  5:33  Barracks  
  57  5:34  SCV  
  58  5:44  Supply Depot  
  58  5:45  Supply Depot  
  58  5:49  SCV  
  33  6:06  SCV  
  33  6:09  Factory Tech Lab x2, Starport  
  33  6:10  Starport  
  34  6:19  Ghost Academy  
  34  6:24  Orbital Command  
  34  6:26  SCV  
  34  6:29  Barracks Tech Lab  
  35  6:46  Starport Tech Lab  
  35  6:49  Starport Tech Lab  
  35  6:58  Armory  
  35  7:19  Bunker  
Show
View Real Time Build Order
Export as new Build Order

ИИ 1 (эксперт) Protoss - Winner!

Build Orders: Mass Adepts, Zealot Archon 

Get SALT Encoding   

  12  0:00  Probe  
  13  0:13  Probe  
  14  0:19  Pylon  
  14  0:25  Probe  
  15  0:34  Probe  
  15  0:42  Probe  
  16  0:47  Assimilator  
  17  0:50  Gateway  
  17  0:52  Probe  
  18  0:59  Pylon  
  18  1:00  Probe  
  19  1:08  Probe  
  19  1:18  Probe  
  21  1:36  Gateway  
  21  1:37  Cybernetics Core  
  21  1:38  Zealot, Probe  
  24  1:49  Pylon  
  24  1:50  Probe  
  25  2:00  Probe  
  25  2:05  Zealot  
  25  2:08  Probe  
  29  2:16  Warp Gate  
  29  2:23  Adept  
  31  2:30  Gateway  
  31  2:32  Adept  
  33  2:38  Gateway  
  33  2:49  Adept  
  33  2:55  Pylon, Probe  
  36  3:02  Adept  
  38  3:13  Adept  
  38  3:16  Adept  
  42  3:25  Adept  
  42  3:26  Pylon  
  44  3:32  Adept  
  46  3:38  Probe  
  47  3:44  Adept  
  47  3:45  Adept  
  51  3:55  Stalker  
  53  3:58  Pylon  
  53  4:01  Assimilator  
  53  4:10  Stalker  
  55  4:21  Zealot, Stalker  
  59  4:32  Zealot  
  59  4:33  Stalker  
  59  4:35  Pylon  
  63  4:43  Robotics Facility  
  63  4:53  Adept x2  
  63  4:57  Adept  
  69  5:03  Adept  
  71  5:13  Pylon  
  71  5:17  Pylon  
  71  5:32  Immortal  
  75  5:39  Stalker  
  67  5:50  Twilight Council  
  53  6:05  Zealot  
  55  6:17  Zealot  
  57  6:30  Templar Archives  
  57  6:40  Zealot  
  57  6:42  Nexus  
  59  7:07  High Templar  
  61  7:19  High Templar  
  63  7:29  Forge  
  63  7:33  Archon  
  63  7:46  High Templar  
  63  7:50  Forge  
  67  8:02  Assimilator  
  67  8:04  Assimilator  
Tags
 
Add a new tag
Caveats
  • Supply blocks, unpowered buildings, or Contaminate may cause inaccurate times.
  • Supply counts are checked every 10 seconds.